Map: Cyber Forest LE

Players

Harstem

  • Race: Protoss Protoss
  • League: Grandmaster
  • Spawn Location: 11:00

Rail - Winner!

  • Race: Protoss Protoss
  • League: Grandmaster
  • Spawn Location: 5:00

Event: 2019 WCS Winter Europe

VOD

Have the link to the VOD?

Description

Time

  • Played on: Feb. 17, 2019, 12:42 p.m.
  • Length: 8:23

All games in this series

Show
View Real Time Build Order
Export as new Build Order

Harstem Protoss 

Build Orders: Phoenix Opening, Blink Stalkers, Zealot Archon 

Get SALT Encoding   

  12  0:00  Probe  
  13  0:13  Probe  
  14  0:18  Pylon  
  14  0:24  Probe  
  15  0:32  Probe  
  15  0:38  Gateway  
  15  0:41  Probe  
  16  0:46  Assimilator  
  17  0:51  Probe  
  17  0:55  Assimilator  
  18  0:59  Probe  
  19  1:07  Probe  
  19  1:09  Gateway  
  19  1:17  Probe  
  20  1:25  Cybernetics Core  
  21  1:30  Probe  
  22  1:36  Pylon  
  22  1:42  Probe  
  23  1:54  Probe  
  24  1:58  Warp Gate  
  24  2:02  Stalker  
  24  2:03  Sentry  
  24  2:07  Pylon  
  28  2:10  Probe  
  29  2:29  Sentry  
  31  2:41  Probe  
  31  2:42  Phoenix  
  31  2:43  Nexus  
  30  2:49  Probe  
  30  2:50  Sentry  
  34  2:59  Probe  
  34  3:00  Pylon  
  35  3:06  Shield Battery  
  35  3:11  Stalker  
  37  3:14  Probe  
  38  3:26  Probe  
  39  3:27  Twilight Council  
  39  3:33  Shield Battery  
  39  3:38  Probe  
  40  3:47  Stalker  
  42  3:49  Probe  
  42  3:52  Shield Battery  
  43  3:57  Probe x2  
  43  3:58  Blink  
  45  4:05  Probe  
  45  4:09  Probe  
  47  4:16  Forge  
  47  4:17  Stalker, Probe  
  47  4:21  Stalker, Probe  
  53  4:27  Shield Battery  
  53  4:29  Probe  
  54  4:31  Protoss Ground Weapons Level 1  
  54  4:33  Probe  
  54  4:34  Pylon  
  53  4:41  Probe  
  50  4:46  Probe  
  50  4:49  Sentry  
  53  4:53  Probe  
  53  4:54  Assimilator  
  53  4:56  Assimilator  
  53  4:58  Probe  
  55  5:06  Stalker, Pylon  
  58  5:12  Nexus  
  57  5:15  Probe  
  57  5:16  Probe  
  57  5:18  Phoenix  
  59  5:24  Robotics Facility  
  59  5:27  Probe  
  60  5:38  Gateway  
  60  5:40  Templar Archives  
  60  5:41  Gateway  
  59  5:43  Probe x2  
  61  5:53  Gateway  
  61  5:54  Charge  
  61  5:55  Gateway  
  62  5:57  Probe  
  62  6:01  Gateway, Protoss Ground Weapons Level 2  
  63  6:06  Probe  
  63  6:10  Probe  
  64  6:18  Gateway  
  64  6:19  Pylon  
  64  6:21  Probe  
  64  6:24  Probe x2  
  67  6:33  Probe  
  67  6:36  Probe, Pylon  
  71  6:41  Probe  
  71  6:45  High Templar x2  
  71  6:46  Probe  
  77  6:49  High Templar x2  
  77  6:50  Archon  
  77  6:51  Zealot  
  83  6:54  Archon  
  83  6:58  Pylon  
  82  7:02  Zealot x2  
  82  7:05  Immortal  
  82  7:08  Probe  
  89  7:11  Zealot  
  89  7:12  Shield Battery  
  89  7:13  Zealot  
  95  7:17  Zealot  
  95  7:20  Zealot  
  97  7:23  Zealot x2  
  99  7:32  Zealot, High Templar x2  
  99  7:36  Archon  
  97  7:37  Zealot  
  97  7:42  Zealot x2  
  89  7:47  Zealot x2  
  80  7:56  Zealot  
  68  8:03  Zealot  
  68  8:04  Zealot x2  
  64  8:09  Zealot x3  
  64  8:10  Zealot  
  66  8:17  Zealot  
Show
View Real Time Build Order
Export as new Build Order

Rail Protoss - Winner!

Build Orders: Phoenix Opening 

Get SALT Encoding   

  12  0:01  Probe  
  13  0:13  Probe  
  14  0:17  Pylon  
  14  0:24  Probe  
  15  0:32  Probe  
  15  0:37  Gateway  
  15  0:40  Probe  
  16  0:46  Assimilator  
  17  0:51  Assimilator  
  17  0:54  Probe  
  18  1:02  Probe  
  18  1:08  Gateway  
  18  1:10  Probe  
  20  1:20  Probe  
  21  1:25  Cybernetics Core  
  21  1:32  Probe  
  22  1:34  Pylon  
  22  1:44  Probe  
  23  1:56  Probe  
  24  2:02  Adept x2  
  24  2:03  Warp Gate  
  24  2:08  Pylon  
  28  2:21  Stargate  
  28  2:42  Nexus  
  28  2:53  Robotics Facility  
  28  2:58  Phoenix  
  30  3:10  Shield Battery  
  30  3:13  Probe  
  30  3:14  Phoenix  
  33  3:41  Phoenix  
  33  3:43  Probe  
  33  3:48  Forge  
  36  3:54  Probe  
  37  3:57  Immortal  
  37  3:59  Probe  
  42  4:10  Probe  
  42  4:13  Probe  
  44  4:21  Probe  
  44  4:22  Protoss Ground Weapons Level 1, Probe  
  45  4:29  Probe  
  46  4:34  Probe  
  48  4:41  Probe  
  48  4:42  Immortal  
  47  4:46  Probe  
  47  4:51  Pylon  
  52  4:54  Probe  
  52  4:57  Shield Battery  
  52  4:59  Probe  
  54  5:06  Pylon  
  54  5:09  Probe  
  54  5:10  Sentry  
  54  5:11  Probe  
  58  5:16  Observer, Twilight Council  
  58  5:20  Assimilator  
  58  5:22  Probe  
  58  5:23  Assimilator, Probe  
  61  5:34  Probe  
  61  5:35  Probe  
  63  5:38  Pylon  
  63  5:41  Immortal  
  67  5:46  Probe, Resonating Glaives  
  67  5:47  Probe  
  69  5:58  Probe, Pylon  
  69  6:03  Gateway  
  69  6:04  Gateway  
  70  6:06  Pylon  
  70  6:10  Warp Prism  
  70  6:16  Gateway x2  
  72  6:30  Sentry  
  72  6:31  Sentry, Gateway  
  76  6:36  Pylon  
  76  6:37  Pylon  
  76  6:38  Immortal  
  80  6:47  Dark Shrine  
  80  6:53  Adept  
  82  6:54  Adept  
  82  7:00  Adept x2  
  88  7:10  Adept x2  
  88  7:14  Adept x2  
  96  7:18  Pylon  
  96  7:23  Adept x2  
  100  7:32  Adept  
  100  7:33  Adept  
  100  7:35  Adept x3  
  104  7:47  Adept x2  
  78  8:04  Adept x5  
  86  8:08  Adept  
  86  8:09  Adept  
Tags
 
Add a new tag
Caveats
  • Supply blocks, unpowered buildings, or Contaminate may cause inaccurate times.
  • Supply counts are checked every 10 seconds.